 Dungeon Crawl Stone Soup version 0.29-a0-43-g62a80824bf (webtiles) character file.

Game seed: 12753004129389942912

6769 HallandMoats the Fighter (level 11, -5/77 HPs)
             Began as an Octopode Fighter on Feb 3, 2022.
             Was an Elder of Cheibriados.
             Slain by a troll (11 damage)
             ... on level 10 of the Dungeon.
             The game lasted 00:12:34 (11402 turns).

HallandMoats the Fighter (Octopode Fighter)        Turns: 11402, Time: 00:12:35

Health: -5/77      AC:  1    Str: 28 (29) XL:     11   Next: 4%
Magic:  0/17       EV: 17    Int: 19      God:    Cheibriados [****..]
Gold:   466        SH:  7    Dex: 21      Spells: 19/19 levels left

rFire   + . .      SeeInvis .   a - +0 trident (spect)
rCold   x . .      Faith    .   p - +1 buckler
rNeg    . . .      Spirit   +   (helmet restricted)
rPois   .          Reflect  .   l - amulet of guardian spirit
rElec   +          Harm     .   m - ring "Samaner" {Fire rElec}
rCorr   .          Rampage  .   (no ring)
Will    .....                   (no ring)
Stlth   +++++.....              (no ring)
HPRegen 0.22/turn               (no ring)
MPRegen 0.15/turn               (no ring)
                                (no ring)
                                (no ring)

@: very slow
A: almost no armour, amphibious, 8 rings, camouflage 1, gelatinous body 1,
(nimble swimmer 1), tentacles
a: Renounce Religion, Bend Time, Temporal Distortion, Slouch


You were on level 10 of the Dungeon.
You worshipped Cheibriados.
Cheibriados was greatly pleased with you.
You visited 1 branch of the dungeon, and saw 10 of its levels.

You collected 466 gold pieces.

Inventory:

Hand Weapons
 a - a +0 spectral trident (weapon)
 b - the +3 mace of the Old World {venom, rPois}
   (You found it on level 4 of the Dungeon)

   It poisons the flesh of those it strikes.
   rPois:     It protects you from poison.
 e - the +7 glaive "Ziwefu" {flame, rCorr}
   (You found it on level 5 of the Dungeon)

   It burns those it strikes, dealing additional fire damage.
   Big, fiery blades are also staple armaments of hydra-hunters.
   rCorr:     It protects you from acid and corrosion.
 o - a +3 trident of protection
 v - the +2 war axe "Gabesh" {holy, MP+9 Str+2 Stlth+}
   (You found it on level 6 of the Dungeon)

   It has been blessed by the Shining One to cause great damage to the undead
   and demons.
   Str:       It affects your strength (+2).
   MP:        It affects your magic capacity (+9).
   Stlth:     It makes you more stealthy.
Missiles
 r - 4 throwing nets (quivered)
Armour
 p - a +1 buckler (worn)
Jewellery
 l - an amulet of guardian spirit (around mantle)
 m - the ring "Samaner" (left tentacle) {Fire rElec}
   (You found it on level 9 of the Dungeon)

   [ring of fire]

   It enhances your fire magic.
   rF:        It protects you from fire.
   rC:        It makes you vulnerable to cold.
   rElec:     It insulates you from electricity.
Wands
 h - a wand of acid (7)
 n - a wand of iceblast (4)
 s - a wand of charming (1)
 t - a wand of flame (16)
 y - a wand of polymorph (5)
Scrolls
 d - a scroll of fear
 f - 3 scrolls of teleportation
 i - 2 scrolls of summoning
 k - 2 scrolls of fog
Potions
 c - 3 potions of might
 g - 2 potions of brilliance
 j - 6 potions of lignification
 q - a potion of berserk rage
 w - a potion of cancellation


   Skills:
 * Level 8.1 Fighting
 * Level 7.6 Polearms
 + Level 6.1 Dodging
 + Level 7.3 Stealth
 + Level 6.0 Shields
 + Level 4.5 Spellcasting
 * Level 8.0 Invocations


You had 19 spell levels left.
You didn't know any spells.
Your spell library contained the following spells:

 Spells                   Type           Power      Damage    Failure   Level
 Animate Skeleton         Necr           8%         N/A       17%         1
 Apportation              Tloc           8%         N/A       17%         1
 Foxfire                  Conj/Fire      24%        2x1d5     17%         1
 Pain                     Necr           16%        1d4       17%         1
 Conjure Flame            Conj/Fire      6%         6-21      45%         3
 Dazzling Flash           Conj/Hex       8%         N/A       45%         3
 Inner Flame              Hex/Fire       6%         N/A       45%         3
 Vampiric Draining        Necr           4%         2d6       45%         3
 Flame Wave               Conj/Fire      6%         2d5       86%         4
 Iskenderun's Mystic Bla  Conj/Tloc      4%         2d3       86%         4
 Agony                    Necr           4%         N/A       99%         5
 Alistair's Intoxication  Tmut/Pois      2%         N/A       99%         5
 Excruciating Wounds      Necr           2%         N/A       99%         5
 Starburst                Conj/Fire      3%         6d3       100%        6


Dungeon Overview and Level Annotations

Branches:
Dungeon (10/15)            Temple (0/1) D:6
   Lair: D:8-11         Orc: D:9-12

Altars:
Cheibriados
Hepliaklqana
Kikubaaqudgha
Okawaru
Ru
Trog
Wu Jian
The Shining One

Shops:
D:7 :

Portals:
Abyss: D:5

Annotations:
D:5 2 transporters, taxman66's ghost, novice BaEn
D:9 enile's ghost, journeyman FoWn


Innate Abilities, Weirdness & Mutations

You cannot wear most types of armour.
You are amphibious.
You can wear up to eight rings at the same time.
Your skin changes colour to match your surroundings (Stealth+).
Your rubbery body absorbs attacks. (AC +1, EV +1)
((You are camouflaged when in or above water. (Stealth+)))
You have tentacles for arms and can constrict up to eight enemies at once.


Message History

The bullfrog closely misses you. The bullfrog closely misses you.
You block the troll's attack. The troll completely misses you.
The troll misses you. The bullfrog hits you. You block the bullfrog's attack.
You hit the bullfrog. You grab the bullfrog. You squeeze the bullfrog!
The bullfrog is almost dead.
Your +0 spectral trident hits the bullfrog from afar!
You kill the bullfrog!
Cheibriados thoroughly appreciates the change of pace.
A wyvern comes into view.
The wyvern hisses angrily.
You puncture the troll!
Your tentacle-slap misses the troll.
You squeeze the troll!
The troll is heavily wounded.
Your +0 spectral trident completely misses the troll.
You block the troll's attack. The troll claws you! The troll claws you.
An orc warrior comes into view. It is wielding a +0 long sword.
You closely miss the troll.
The troll is heavily wounded.
Your +0 spectral trident hits the troll from afar!
The orc warrior hits you from afar with a +0 trident!
You block the troll's attack. The troll misses you.
The troll barely misses you.
Unknown command.
You barely miss the troll. Your squeeze misses the troll.
The troll is severely wounded.
Your +0 spectral trident misses the troll.
The orc warrior hits you from afar with a +0 trident!
The troll bites you! The troll claws you! The troll closely misses you.
Unknown command.
You are too injured to fight recklessly!
Unknown command.
You are too injured to fight recklessly!
You swap places.
The troll bites you!
* * * LOW HITPOINT WARNING * * *
The troll claws you.
* * * LOW HITPOINT WARNING * * *
The troll misses you. The troll bites you!
You die...

......# #.# ##.##
...>..####.####.# ..# .
≈P≈≈............### oD#.#.
P♣P♣≈≈♣≈##.##.....# #..#...
≈≈≈≈♣≈≈P≈♣....###.# ..o....
≈≈≈≈≈≈≈≈≈♣♣...# #.# .......
≈≈≈♣≈≈♣≈PPP<..###.# .o.....
≈≈≈≈≈≈P≈≈P≈♣......######.......
≈≈≈≈≈≈≈≈♣P≈≈≈#..@TYD.K..†......
≈≈≈≈≈≈P≈≈≈P≈≈...####oo#........
†≈≈≈≈≈♣≈≈≈≈≈♣#.## #...........
≈≈)≈≈P≈≈≈P≈≈.#.# #.#.........
≈)≈≈≈≈≈≈≈♣♣#.#.# #####.......
≈♣≈≈≈≈≈♣♣♣ #.#.#### .......
≈≈≈≈♣≈♣≈≈♣ #...<..# .......
♣≈≈≈♣♣≈..#.###....# .......
P♣♣........# ######


You could see a yak, a troll, an orc warrior, an acid dragon, a kobold brigand
and an orc.

Vanquished Creatures
  Erica (D:8)
  Pikel (D:4)
  A hornet (D:7)
  Sigmund (D:3)
  9 yaks (D:9)
  Eustachio (D:6)
  2 water moccasins
  An ice beast (D:8)
  2 sky beasts
  5 orc warriors
  3 black bears (D:4)
  3 centaurs
  A phantom (D:5)
  4 bullfrogs
  2 wyvern zombies
  2 scorpions (D:5)
  A hornet simulacrum (D:9)
  8 killer bees
  3 wights (D:10)
  4 electric eels (D:10)
  3 vampire bats (D:3)
  2 howler monkeys
  A centaur zombie (D:8)
  3 hounds
  6 orc priests
  Crazy Yiuf (D:2)
  A jelly (D:5)
  2 bullfrog skeletons
  A gnoll shaman (D:5)
  Jessica (D:3)
  2 iguanas
  5 orc wizards
  2 killer bee zombies
  A centaur simulacrum (D:9)
  13 gnolls
  6 adders
  2 shadow imps (D:7)
  3 white imps
  A howler monkey simulacrum (D:9)
  A worm (D:2)
  3 dart slugs
  21 orcs
  11 bats
  2 bat skeletons (D:3)
  4 bat zombies (D:3)
  5 endoplasms
  5 giant cockroaches
  8 goblins
  5 hobgoblins
  3 kobolds
  5 ball pythons
  4 frilled lizards
  4 rats
192 creatures vanquished.

Vanquished Creatures (others)
  54 fungi (D:10)
  70 plants
124 creatures vanquished.

Grand Total: 316 creatures vanquished

Notes
Turn   | Place    | Note
-------+----------+-------------------------------------------
     0 | D:1      | HallandMoats the Octopode Fighter began the quest for the
                  | Orb.
     0 | D:1      | Reached XP level 1. HP: 16/16 MP: 1/1
   142 | D:1      | Reached XP level 2. HP: 21/21 MP: 2/2
   906 | D:1      | Reached skill level 1 in Invocations
  1451 | D:2      | Reached XP level 3. HP: 26/26 MP: 3/3
  1621 | D:2      | Reached skill level 1 in Stealth
  1925 | D:2      | Found a runed translucent door.
  1926 | D:2      | Noticed Crazy Yiuf
  2204 | D:2      | Killed Crazy Yiuf
  2205 | D:2      | Reached XP level 4. HP: 31/31 MP: 3/5
  2455 | D:3      | Found an ancient bone altar of Kikubaaqudgha.
  2459 | D:3      | Reached skill level 1 in Spellcasting
  2459 | D:3      | Reached XP level 5. HP: 37/37 MP: 6/6
  2620 | D:3      | Noticed Sigmund
  2625 | D:3      | Killed Sigmund
  2626 | D:3      | Reached XP level 6. HP: 43/43 MP: 6/8
  2872 | D:3      | Noticed Jessica
  2876 | D:3      | Killed Jessica
  2877 | D:3      | Reached XP level 7. HP: 49/49 MP: 9/9
  3099 | D:4      | Identified the +3 mace of the Old World {venom, rPois}
  3215 | D:4      | Found a bloodstained altar of Trog.
  3654 | D:4      | Found a snail-covered altar of Cheibriados.
  3676 | D:5      | Entered Level 5 of the Dungeon
  3837 | D:4      | Became a worshipper of Cheibriados the Contemplative
  3862 | D:5      | Noticed Pikel
  3905 | D:4      | Killed Pikel
  3906 | D:4      | Reached skill level 5 in Fighting
  3906 | D:4      | Reached XP level 8. HP: 11/55 MP: 11/11
  4250 | D:5      | Reached skill level 5 in Invocations
  4304 | D:5      | Identified the +7 glaive "Ziwefu" {flame, rCorr}
  4308 | D:5      | Reached skill level 5 in Polearms
  4762 | D:5      | Found a transporter.
  4764 | D:5      | Found a transporter.
  4774 | D:5      | Found a one-way gate to the infinite horrors of the Abyss.
  4774 | D:5      | Noticed taxman66's ghost (novice BaEn)
  4795 | D:5      | Reached XP level 9. HP: 61/62 MP: 13/13
  4880 | D:5      | Reached * piety under Cheibriados
  5253 | D:6      | Found a sacrificial altar of Ru.
  5312 | D:6      | Noticed Eustachio
  5323 | D:6      | Killed Eustachio
  5324 | D:6      | Reached skill level 5 in Stealth
  5388 | D:6      | Found a staircase to the Ecumenical Temple.
  5531 | D:6      | Identified the +2 war axe "Gabesh" {holy, MP+9 Str+2
                  | Stlth+}
  5929 | D:7      | Found Ujytzitote's Book Shoppe.
  6239 | D:7      | Noticed a hornet
  6242 | D:7      | Killed a hornet
  6243 | D:7      | Reached skill level 5 in Dodging
  6440 | D:7      | Reached skill level 5 in Shields
  6445 | D:7      | Reached ** piety under Cheibriados
  7678 | D:8      | Reached XP level 10. HP: 61/69 MP: 15/15
  7912 | D:8      | Noticed Erica
  7920 | D:8      | Killed Erica
  8656 | D:9      | Found a runed translucent gate.
  8821 | D:9      | Noticed enile's ghost (journeyman FoWn)
  8832 | D:9      | Found a runed translucent gate.
  8832 | D:9      | Found a runed translucent gate.
  9045 | D:9      | Reached *** piety under Cheibriados
 10436 | D:9      | Got the ring "Samaner" {Fire rElec}
 10672 | D:9      | Reached **** piety under Cheibriados
 10841 | D:10     | Entered Level 10 of the Dungeon
 10979 | D:10     | Found an ornate altar of the Wu Jian Council.
 11041 | D:10     | Reached XP level 11. HP: 14/77 MP: 6/17
 11363 | D:10     | Found an iron altar of Okawaru.
 11363 | D:10     | Found a hazy altar of Hepliaklqana.
 11363 | D:10     | Found a glowing golden altar of the Shining One.
 11402 | D:10     | Slain by a troll

Illustrated notes

Levels and vault maps discovered:
D:1:      ncdulo_watergridlock, layout_basic, serial_co_window_serial,
          co_window_corner_a, co_window_paths_a, co_window_of_opportunity_a,
          co_window_paths_a, co_window_corner_a, co_window_corner_a,
          co_window_paths_b, co_window_paths_a, co_window_corner_a,
          co_window_paths_c, co_window_corner_b, co_window_corner_cb,
          co_window_cross_2, co_window_unsneaky_path_b, glass_columns_b,
          glass_columns_a, glass_columns_b, chequers_serial_rivers_micro_b,
          minmay_misc_feat_rows, due_unseen_surprise
D:2:      layout_rooms, dk_vineyard_1, serial_bayou_lagoon_a,
          uniq_crazy_yiuf_cottage
D:3:      layout_loops_cross, kennysheep_vampire_church, uniq_jessica,
          uniq_sigmund
D:4:      layout_basic, trog_ov_bears_minmay,
          mainiacjoe_overflow_concentric_impassable
D:5:      layout_basic, gammafunk_ghost_abyssal_escape, uniq_pikel
D:6:      minmay_klotski, layout_loops_cross, nicolae_ru_the_path_less_chosen,
          minmay_temple_entry_drinking_statues, minmay_misc_feat_doors,
          uniq_eustachio
D:7:      layout_basic, serial_shops, kennysheep_mini_moat
D:8:      layout_layer_cave, uniq_erica
D:9:      layout_loops_ring, gammafunk_ghost_icy
D:10:     minmay_four_partial_circles, layout_loops_ring, lemuel_tele_altar,
          gammafunk_temple_overflow_forgotten, due_lair_maze_entry_diamond,
          special_room [special_room_orc], serial_bayou_lake_a

Skill      XL: |  1  2  3  4  5  6  7  8  9 10 11 |
---------------+----------------------------------+-----
Invocations    | 1 2 3 4 5 6 7 8 |  8.0
Stealth        | 1 2 4 6 7 |  7.3
Spellcasting   | 1 2 3 4 |  4.5
Polearms       | 3 4 5 6 7 |  7.6
Fighting       | 4 5 6 7 8 |  8.1
Shields        | 4 5 6 |  6.0
Dodging        | 4 5 6 |  6.1

Action                   |  1- 3 |  4- 6 |  7- 9 | 10-12 || total
-------------------------+-------+-------+-------+-------++-------
Melee: Trident           |    88 |    38 |   153 |   130 ||   409
       Constrict         |    20 |     8 |    27 |    22 ||    77
       Tentacles         |     9 |     4 |    17 |    31 ||    61
       Punch             |       |     1 |     1 |       ||     2
Invok: Bend Time         |       |       |     1 |       ||     1
  Use: Potion            |     1 |       |     8 |     7 ||    16
       Scroll            |       |     5 |     7 |     4 ||    16
 Stab: Sleeping          |     9 |     7 |    23 |     7 ||    46
       Distracted        |     1 |     1 |       |     2 ||     4
Armor: Skin              |    12 |     2 |    18 |       ||    32
Dodge: Dodged            |    42 |    18 |   113 |    56 ||   229
Block: Buckler           |    18 |     8 |    49 |    42 ||   117

Table legend: (Time is in decaauts)
 A = Elapsed time spent in this place.
 B = Non-inter-level travel time spent in this place.
 C = Inter-level travel time spent in this place.
 D = Time resting spent in this place.
 E = Time spent auto-exploring this place.
 F = Levels seen in this place.
 G = Mean time per level.
                   A        B        C        D        E       F      G
               +--------+--------+--------+--------+--------+-----+--------+
         Total |  13327 |  12916 |    411 |   1408 |   9838 |  10 | 1332.7 |
       Dungeon |  13327 |  12916 |    411 |   1408 |   9838 |  10 | 1332.7 |
               +--------+--------+--------+--------+--------+-----+--------+

Top non-repeatable levels by time:
     D:9: 2627 daAuts
     D:8: 2077 daAuts
     D:7: 1689 daAuts
     D:1: 1423 daAuts
     D:5: 1142 daAuts
     D:4: 1079 daAuts
     D:6: 1042 daAuts
     D:2: 874 daAuts
    D:10: 696 daAuts
     D:3: 673 daAuts
